AoeStats
← vagos.fran

Coastal Forest

510616889Analyzed
4v4 RM · 2d ago on Oct 1, 2026· 52m 25s· 8 players
Game mode
Random Map
Map size
Large (8 player)
Population
200
Speed
Normal
Resources
Standard
Victory
Conquest
Starting age
Dark Age
Ending age
Imperial Age
RankedLock teamsTeams togetherTeam positionsShared explorationLock speedFull tech treeHidden civsTurbo modeCheats
Victory
Defeat
🇧🇷 Burgundians · Brazil
1356
+14
🇺🇸 Byzantines · United States
1344
+14
🇲🇽 Vietnamese · Mexico
1298
+16
🇦🇹 Vikings · Austria
1257
+18
🇪🇸 Maya · Spain
1421
-21
🇪🇸 Malians · Spain
1301
-15
🇪🇸 Huns · Spain
1274
-14
🇪🇸 Mongols · Spain
1218
-12
absurd
10:19 Feudal Age
11:01 Double-Bit Axe
11:41 Loom
12:45 Fletching
15:21 Fishing Lines
18:30 Castle Age
19:26 Medium Warships
19:15 Bodkin Arrow
20:05 Horse Collar
21:01 Bow Saw
21:28 Wheelbarrow
22:25 Gold Mining
23:48 Caravan
25:15 Hand Cart
25:12 Stone Mining
25:45 Gillnets
26:44 Heavy Plow
30:39 Imperial Age
29:08 Gold Shaft Mining
28:51 Padded Archer Armor
29:06 Scale Barding Armor
29:11 Forging
30:34 Chain Barding Armor
31:31 Logistica
31:41 Conscription
31:24 Husbandry
32:07 Iron Casting
31:33 Bracer
31:50 Heavy Camel Rider
33:27 Plate Barding Armor
34:15 Ballistics
34:56 Chemistry
34:50 Light Cavalry
35:22 Elite Skirmisher
38:20 Padded Archer Armor
39:51 Hussar
HK El Primo
9:27 Feudal Age
9:07 Loom
18:15 Horse Collar
29:45 Castle Age
27:57 Double-Bit Axe
28:21 Gold Mining
29:21 Fletching
30:27 Padded Archer Armor
30:34 Crossbowman
31:16 Bodkin Arrow
37:06 Ballistics
37:27 Thumb Ring
42:06 Bow Saw
41:57 Heavy Plow
46:18 Imperial Age
44:04 Town Watch
44:55 Wheelbarrow
46:03 Hand Cart
46:40 Town Patrol
47:30 Bracer
46:51 Arbalester
48:38 Elite Fire Lancer
49:20 Squires
49:21 Scale Mail Armor
49:32 Forging
50:31 Chain Mail Armor
51:28 Iron Casting
52:14 Plate Mail Armor
Teufelchen
8:45 Loom
11:04 Feudal Age
12:15 Double-Bit Axe
19:30 Castle Age
18:03 Fletching
18:23 Padded Archer Armor
19:39 Crossbowman
20:16 Bodkin Arrow
21:17 Gold Mining
22:10 Fishing Lines
22:52 Horse Collar
23:47 Bow Saw
27:24 Gillnets
32:00 Imperial Age
29:47 Stone Mining
29:58 Heavy Plow
30:28 Leather Archer Armor
31:07 Ballistics
30:52 Scale Mail Armor
32:11 Arbalester
34:39 Chemistry
34:57 Bracer
34:43 Pikeman
36:26 Ring Archer Armor
36:46 Town Watch
38:51 Chain Mail Armor
40:56 Plate Mail Armor
40:41 Town Patrol
41:44 Conscription
42:19 Forging
42:13 Bogsveigar
43:02 Elite Berserk
44:45 Iron Casting
45:57 Two-Man Saw
45:52 Coinage
47:07 Blast Furnace
47:23 Banking
51:04 Scale Barding Armor
51:30 Chieftains
52:46 Chain Barding Armor
51:59 Elite Skirmisher
lucaspeixoto2584
3:30 Double-Bit Axe
10:39 Feudal Age
8:56 Loom
11:54 Bow Saw
16:10 Fishing Lines
17:28 Gillnets
21:41 Forging
23:24 Scale Barding Armor
29:03 Castle Age
28:13 Horse Collar
28:25 Gold Mining
29:24 Scale Mail Armor
29:05 Cavalier
29:09 Light Cavalry
29:50 Husbandry
30:07 Heavy Plow
30:59 Cavalier
34:08 Iron Casting
35:20 Wheelbarrow
34:31 Town Watch
35:58 Fletching
37:19 Two-Man Saw
38:33 Chain Barding Armor
39:40 Bodkin Arrow
45:40 Squires
45:54 Pikeman
47:22 Arson
52:42 Imperial Age
51:41 Coinage
51:22 Guilds
vagos.fran
6:56 Loom
9:10 Feudal Age
9:45 Double-Bit Axe
9:41 Horse Collar
22:33 Castle Age
21:06 Scale Barding Armor
21:27 Forging
21:35 Gold Mining
23:06 Bloodlines
23:54 Husbandry
24:09 Bow Saw
24:01 Heavy Plow
25:18 Chain Barding Armor
27:36 Wheelbarrow
27:16 Town Watch
29:18 Iron Casting
35:07 Gold Shaft Mining
36:24 Hand Cart
41:40 Imperial Age
40:47 Stone Mining
41:37 Fletching
42:16 Cavalier
43:58 Blast Furnace
43:34 Plate Barding Armor
44:16 Bodkin Arrow
44:45 Ballistics
45:25 Chemistry
44:35 Paladin
46:27 Padded Archer Armor
pauito79_ator
0:26 Loom
12:20 Feudal Age
13:19 Double-Bit Axe
16:15 Fletching
20:23 Wheelbarrow
22:58 Horse Collar
24:10 Padded Archer Armor
27:52 Castle Age
26:03 Gold Mining
29:02 Stone Mining
29:16 Heavy Plow
29:30 Bow Saw
28:43 Crossbowman
29:29 Thumb Ring
31:23 Hand Cart
31:46 Stone Shaft Mining
31:33 Town Watch
33:56 Ballistics
33:34 Bodkin Arrow
33:54 Leather Archer Armor
36:06 Town Patrol
39:28 Imperial Age
37:35 Elite Skirmisher
38:41 Masonry
40:27 Bracer
41:36 Chemistry
43:17 Ring Archer Armor
43:13 Conscription
43:11 Hul'che Javelineers
44:38 Two-Man Saw
a.arias.age
6:16 Loom
8:51 Feudal Age
11:27 Double-Bit Axe
14:40 Forging
19:50 Bloodlines
21:24 Scale Barding Armor
24:21 Castle Age
22:58 Horse Collar
25:44 Iron Casting
27:50 Fletching
28:06 Padded Archer Armor
28:33 Bodkin Arrow
29:48 Leather Archer Armor
32:40 Wheelbarrow
32:08 Gold Mining
32:21 Heavy Plow
35:54 Imperial Age
33:40 Hand Cart
35:05 Bow Saw
36:48 Ballistics
37:06 Bracer
38:45 Chemistry
37:44 Stone Mining
38:31 Gold Shaft Mining
38:27 Siege Engineers
38:25 Capped Ram
38:33 Light Cavalry
39:14 Husbandry
40:37 Siege Ram
41:43 Hussar
43:42 Blast Furnace
43:03 Chain Barding Armor
42:24 Elite Skirmisher
43:10 Thumb Ring
43:17 Thumb Ring
47:27 Conscription
51:33 Stone Shaft Mining
Haploide_ator
8:02 Loom
11:12 Feudal Age
11:53 Double-Bit Axe
16:55 Castle Age
15:21 Gold Mining
17:12 Scale Barding Armor
17:23 Bloodlines
21:33 Forging
22:34 Chain Barding Armor
25:41 Iron Casting
27:39 Husbandry
34:32 Gold Shaft Mining
36:46 Wheelbarrow
36:24 Horse Collar
40:48 Imperial Age
42:06 Plate Barding Armor
42:09 Town Watch
48:49 Farimba
51:04 Cavalier
Connection lost

Rejoining the realm…

Still unreachable

The connection could not be restored.

Session expired

The server has moved on; the page needs a fresh start.